 Dungeon Crawl Stone Soup version 0.29.1-15-g9cfb28693d (webtiles) character file.

Game seed: 11679770444725945522

18155 growler the Martial Artist (level 12, 0/112 HPs)
             Began as a Red Draconian Transmuter on Mar 4, 2023.
             Was a Priest of Wu Jian.
             Slain by a death yak (16 damage)
             ... on level 11 of the Dungeon.
             The game lasted 00:50:30 (18797 turns).

growler the Martial Artist (DrTm)                  Turns: 18797, Time: 00:50:31

Health: 0/112      AC: 12    Str: 13    XL:     12   Next: 25%
Magic:  18/18      EV: 12    Int: 16    God:    Wu Jian [***...]
Gold:   869        SH:  0    Dex: 14    Spells: 9/19 levels left

rFire   + . .      SeeInvis +     - Unarmed
rCold   + . .      Faith    .   (no shield)
rNeg    . . .      Spirit   .   (body armour unavailable)
rPois   .          Reflect  .   (helmet restricted)
rElec   .          Harm     .   h - +2 cloak
rCorr   .          Rampage  .   s - +0 pair of gloves
Will    .....                   (no boots)
Stlth   ++........              (no amulet)
HPRegen 0.28/turn               r - ring of protection from cold
MPRegen 0.16/turn               t - ring of see invisible

@: exhausted, short of breath
A: breathe fire, AC +8, unfitting armour, fire resistance 1, cold-blooded
a: Breathe Fire, Renounce Religion, Wall Jump, Serpent's Lash


You were on level 11 of the Dungeon.
You worshipped Wu Jian.
Wu Jian was most pleased with you.
You visited 3 branches of the dungeon, and saw 13 of its levels.
You also visited: Ossuary.

You collected 869 gold pieces.

Inventory:

Armour
 h - a +2 cloak (worn)
 s - a +0 pair of gloves (worn)
Jewellery
 j - a ring of ice
 q - a ring of resist corrosion
 r - a ring of protection from cold (left hand)
 t - a ring of see invisible (right hand)
 D - a ring of fire
 F - a ring of flight
 H - a +6 ring of strength
Wands
 z - a wand of charming (6)
Scrolls
 i - a scroll of brand weapon {unknown}
 l - a scroll of silence {unknown}
 n - a scroll of fear {unknown}
 o - 9 scrolls of teleportation
 p - a scroll of fog
 u - 2 scrolls of torment
 v - 2 scrolls of enchant armour
 y - a scroll of summoning
 A - a scroll of vulnerability
 B - a scroll of magic mapping
 C - 2 scrolls of poison
 E - 2 scrolls of blinking
 G - a scroll of immolation
Potions
 a - 2 potions of lignification
 b - 4 potions of magic
 c - 4 potions of haste
 d - 3 potions of ambrosia
 e - 4 potions of mutation
 f - 11 potions of curing
 g - 5 potions of attraction
 k - 2 potions of heal wounds
 m - a potion of might
 w - 2 potions of brilliance
 x - 2 potions of resistance


   Skills:
 + Level 12.0 Fighting
 + Level 2.5 Dodging
 + Level 1.5 Stealth
 + Level 14.5 Unarmed Combat
 - Level 4.0 Spellcasting
 - Level 6.0 Transmutations
 - Level 5.0 Ice Magic


You had 9 spell levels left.
You knew the following spells:

 Your Spells              Type           Power      Damage    Failure   Level
a - Beastly Appendage     Tmut           44%        N/A       1%          1
b - Wereblood             Tmut           22%        N/A       2%          2
c - Spider Form           Tmut/Pois      12%        N/A       14%         3
d - Ice Form              Ice/Tmut       20%        N/A       17%         4

Your spell library contained the following spells:

 Spells                   Type           Power      Damage    Failure   Level
 Foxfire                  Conj/Fire      12%        2x1d4     17%         1
 Ignite Poison            Fire/Tmut/Pois 9%         N/A       22%         3
 Sublimation of Blood     Necr           3%         N/A       26%         2
 Petrify                  Tmut/Erth      12%        N/A       43%         4
 Conjure Flame            Conj/Fire      3%         6-21      45%         3
 Inner Flame              Hex/Fire       3%         N/A       45%         3
 Mephitic Cloud           Conj/Pois/Air  3%         N/A       45%         3
 Irradiate                Conj/Tmut      6%         3d13      80%         5
 Flame Wave               Conj/Fire      3%         2d5       86%         4
 Sticky Flame             Conj/Fire      3%         2d3       86%         4
 Freezing Cloud           Conj/Ice/Air   4%         6-21      94%         5


Dungeon Overview and Level Annotations

Branches:
Dungeon (11/15)            Temple (1/1) D:7            Lair (1/5) D:11
    Orc (0/2) D:10        Ossuary (visited)

Altars:
Cheibriados
Dithmenos
Elyvilon
Fedhas
Gozag
Kikubaaqudgha
Makhleb
Nemelex Xobeh
Okawaru
Qazlal
Ru
Trog
Uskayaw
Vehumet
Wu Jian
Xom
Yredelemnul
The Shining One

Shops:
D:11 !

Annotations:
D:4 2 transporters
Lair:1 3 runed translucent doors, Estoelo's ghost, journeyman MiBe; Hyczest's ghost, novice TeFE; Liruely's ghost, novice DsGl; Wurhodd's ghost, journeyman HOFi; scisormetimb3rs's ghost, journeyman DsBe


Innate Abilities, Weirdness & Mutations

You can breathe blasts of fire.
Your fiery red scales are hard. (AC +8)
You cannot fit into any form of body armour.
Your flesh is heat resistant. (rF+)
You are cold-blooded and may be slowed by cold attacks.


Message History

The death yak attacks as you move away! The death yak gores you!
There is a staircase back to the Dungeon here.
The death yak gores you!
* * * LOW HITPOINT WARNING * * *
You climb upwards.
Welcome back to the Dungeon!
There is a staircase to the Lair here.
Aiming: Breathe Fire (2% risk of failure)
Press: ? - help, Shift-Dir - straight line, f - death yak
Aim: a death yak (90% to hit)
You breathe a blast of fire.
The fiery breath hits the death yak!
The death yak is lightly wounded.
The death yak is engulfed in blazing flames.
The death yak gores you but does no damage.
Your muscles tense, ready for explosive movement...
You spin and attack the death yak repeatedly, with incredible momentum.
You hit the death yak but do no damage.
The death yak is moderately wounded.
You hit the death yak.
The death yak is moderately wounded.
Unknown command.
You spin and attack the death yak, with incredible momentum.
You pummel the death yak!!
The death yak is heavily wounded.
Your supernatural speed expires.
There is a staircase to the Lair here.
Unknown command.
You hit the death yak but do no damage. You punch the death yak.
The death yak is heavily wounded.
The death yak is engulfed in blazing flames.
The death yak gores you!
* * * LOW HITPOINT WARNING * * *
Unknown command.
You punch the death yak!
The death yak is severely wounded.
Okay, then.
You hit the death yak.
The death yak is almost dead.
The death yak is engulfed in blazing flames.
The death yak gores you!
You die...

......#..........###.###.# #..
.............P.......# #.# ##.
......?..........P...###.# #.
......#.....P.....P...##.#######.
......#............P..##.........
......#...[............#.#######.
......#.......####.....#.# ##
#.##..∩..P....'°.#..P....#
.......#......#Y@#.....###
.#....###.....####.....##########
.....[.....P...........))........
#......###........P...#.########.
.......# #...P.P.P....#.# ##
......## ##.......P..#..# .#...##
###......###.## .#####
####.......# .# #########


You could see a death yak.

Vanquished Creatures
  Josephine (D:10)
  Fannar (D:10)
  A hydra (Lair:1)
  A boulder beetle (D:11)
  Nergalle (D:11)
  An orc knight (D:10)
  Pikel (D:6)
  A manticore (D:11)
  2 cane toads (Lair:1)
  2 gargoyles (D:11)
  2 unseen horrors (D:11)
  2 kobold demonologists (D:11)
  2 trolls
  A hornet (D:8)
  Prince Ribbit (D:7)
  14 yaks
  7 wraiths
  A basilisk (Lair:1)
  Menkaure (D:5)
  3 acid dragons
  2 water moccasins
  An ice beast (D:3)
  4 black bears
  12 orc warriors
  5 ogres
  2 phantoms
  11 kobold brigands
  A lemure (D:6)
  Blork the orc (D:5)
  5 bullfrogs
  2 elf zombies (Ossuary)
  4 scorpions
  A gnoll sergeant (D:11)
  21 wights
  2 electric eels (D:7)
  11 killer bees
  2 howler monkeys
  4 centaur zombies (Ossuary)
  2 jellies
  3 hounds
  2 human zombies (Ossuary)
  10 orc priests
  Ijyb (D:3)
  4 iguanas
  19 orc wizards
  2 mummies (Ossuary)
  3 adders
  14 gnolls
  A shadow imp (D:6)
  An adder zombie (Ossuary)
  2 worms
  12 dart slugs
  52 orcs
  3 ball pythons
  6 endoplasms
  3 giant cockroaches
  3 goblins
  9 hobgoblins
  4 jackals (D:5)
  2 quokkas
  5 bats
  5 frilled lizards (D:3)
  A goblin zombie (Ossuary)
  15 hobgoblin zombies (Ossuary)
  26 kobolds
  5 kobold zombies (Ossuary)
  7 orc zombies (Ossuary)
  2 rats
361 creatures vanquished.

Vanquished Creatures (others)
  15 fungi (D:11)
  32 plants
47 creatures vanquished.

Grand Total: 408 creatures vanquished

Notes
Turn   | Place    | Note
-------+----------+-------------------------------------------
     0 | D:1      | growler the Draconian Transmuter began the quest for the
                  | Orb.
     0 | D:1      | Reached XP level 1. HP: 16/16 MP: 3/3
   189 | D:1      | Reached XP level 2. HP: 23/23 MP: 5/5
   192 | D:1      | Learned a level 2 spell: Wereblood
  1137 | D:2      | Reached XP level 3. HP: 18/28 MP: 2/6
  1340 | D:2      | Found a faded altar of an unknown god.
  1518 | D:2      | Learned a level 3 spell: Spider Form
  1623 | D:2      | HP: 1/28 [gnoll/+0 whip (5)]
  1970 | D:2      | Reached XP level 4. HP: 16/35 MP: 2/8
  2750 | D:2      | Found a faded altar of an unknown god.
  2846 | D:3      | Found an ancient bone altar of Kikubaaqudgha.
  2870 | D:3      | Noticed Ijyb
  3026 | D:3      | Killed Ijyb
  3149 | D:3      | Reached skill level 4 in Unarmed Combat
  3438 | D:3      | Reached XP level 5. HP: 39/40 MP: 9/9
  3443 | D:3      | Learned a level 4 spell: Ice Form
  3585 | D:3      | Noticed an ice beast
  3608 | D:3      | Killed an ice beast
  3809 | D:3      | Reached skill level 5 in Unarmed Combat
  4029 | D:3      | Found a sacrificial altar of Ru.
  4092 | D:3      | Reached XP level 6. HP: 28/47 MP: 10/10
  4355 | D:4      | Found a sparkling altar of Nemelex Xobeh.
  4550 | D:4      | Noticed a yak
  4550 | D:4      | Noticed a steam dragon
  4551 | D:4      | Found a transporter.
  4555 | D:4      | Found a transporter.
  4566 | D:4      | Found a bloodstained altar of Trog.
  4620 | D:4      | Reached skill level 6 in Unarmed Combat
  5155 | D:4      | Found a basalt altar of Yredelemnul.
  5197 | D:4      | Your scales start taking on a fiery red colour.
  5197 | D:4      | Reached XP level 7. HP: 31/52 MP: 11/11
  5197 | D:4      | Gained mutation: Your flesh is heat resistant. (rF+) [Red
                  | Draconian growth]
  5468 | D:4      | Found a white marble altar of Elyvilon.
  5625 | D:5      | Entered Level 5 of the Dungeon
  5671 | D:5      | Reached skill level 7 in Unarmed Combat
  5726 | D:5      | Found a sand-covered staircase.
  5747 | Ossuary  | Entered an ossuary
  6092 | Ossuary  | Reached skill level 8 in Unarmed Combat
  6206 | D:5      | Reached XP level 8. HP: 59/59 MP: 12/12
  6407 | D:5      | Noticed Menkaure
  6417 | D:5      | Killed Menkaure
  6418 | D:5      | Reached skill level 9 in Unarmed Combat
  6488 | D:5      | Noticed Blork the orc
  6495 | D:5      | Killed Blork the orc
  6980 | D:5      | Reached skill level 10 in Unarmed Combat
  7183 | D:5      | Reached skill level 1 in Ice Magic
  7780 | D:6      | Reached XP level 9. HP: 67/68 MP: 14/14
  7980 | D:6      | Noticed Pikel
  8499 | D:6      | Reached skill level 5 in Transmutations
  8801 | D:6      | Killed Pikel
  9065 | D:7      | Noticed Prince Ribbit
  9091 | D:7      | Killed Prince Ribbit
  9410 | D:7      | Found a radiant altar of Vehumet.
  9430 | D:7      | Found a staircase to the Ecumenical Temple.
  9439 | Temple   | Entered the Ecumenical Temple
  9521 | Temple   | Became a worshipper of the Wu Jian Council
  9636 | D:7      | Reached skill level 5 in Fighting
  9775 | D:7      | Identified the +7 short sword of Kurotio {venom, rN+}
 10004 | D:7      | Found an opulent altar of Gozag.
 10121 | D:7      | Reached skill level 11 in Unarmed Combat
 10751 | D:8      | Reached XP level 10. HP: 81/81 MP: 12/16
 11930 | D:9      | Reached * piety under Wu Jian
 12936 | D:9      | Reached skill level 5 in Ice Magic
 13503 | D:10     | Entered Level 10 of the Dungeon
 13514 | D:10     | Reached skill level 12 in Unarmed Combat
 13968 | D:10     | Found a staircase to the Orcish Mines.
 13983 | D:10     | Noticed an orc knight
 13991 | D:10     | Reached ** piety under Wu Jian
 14373 | D:10     | Killed an orc knight
 14374 | D:10     | Reached XP level 11. HP: 18/95 MP: 13/17
 14814 | D:10     | Noticed Fannar
 14826 | D:10     | Killed Fannar
 14927 | D:10     | Reached skill level 13 in Unarmed Combat
 15042 | D:10     | Noticed Josephine
 15048 | D:10     | Killed Josephine
 15049 | D:10     | Reached skill level 10 in Fighting
 15056 | D:10     | Reached *** piety under Wu Jian
 15738 | D:11     | Found Seuliaz's Distillery.
 15741 | D:11     | Noticed a boulder beetle
 16253 | D:11     | Noticed Nergalle
 16260 | D:11     | Killed Nergalle
 16346 | D:11     | Noticed a sun demon
 16731 | D:11     | Killed a boulder beetle
 16731 | D:11     | Reached skill level 14 in Unarmed Combat
 17052 | D:11     | Reached XP level 12. HP: 110/110 MP: 14/18
 17175 | D:11     | Found a staircase to the Lair.
 17899 | D:11     | Found a bloodstained altar of Trog.
 18134 | Lair:1   | Entered Level 1 of the Lair of Beasts
 18137 | Lair:1   | Found a runed translucent gate.
 18138 | Lair:1   | Found a runed translucent gate.
 18139 | Lair:1   | Found a runed translucent gate.
 18140 | Lair:1   | Noticed Wurhodd's ghost (journeyman HOFi)
 18140 | Lair:1   | Noticed scisormetimb3rs's ghost (journeyman DsBe)
 18140 | Lair:1   | Noticed Hyczest's ghost (novice TeFE)
 18141 | Lair:1   | Noticed Estoelo's ghost (journeyman MiBe)
 18141 | Lair:1   | Noticed Liruely's ghost (novice DsGl)
 18203 | Lair:1   | Reached skill level 1 in Stealth
 18502 | Lair:1   | Noticed a death yak
 18595 | Lair:1   | Noticed a death yak
 18595 | Lair:1   | Noticed a death yak
 18595 | Lair:1   | Noticed a five-headed hydra
 18624 | Lair:1   | Killed a five-headed hydra
 18727 | Lair:1   | Noticed a death yak
 18797 | D:11     | Slain by a death yak

Illustrated notes

Levels and vault maps discovered:
D:1:      eino_arrival_water_cross, layout_basic, serial_rivers,
          chequers_serial_rivers_room_b, chequers_serial_rivers_micro_e,
          chequers_serial_rivers_marsh, chequers_serial_rivers_small_b,
          chequers_serial_rivers_room_b, chequers_serial_rivers_micro_c,
          dk_noncrumbling_2
D:2:      layout_basic, hellmonk_ecumenical_altar_defaced_shrine
D:3:      layout_loops_ring, mainiacjoe_overflow_big_doors, minmay_lizard_king,
          uniq_ijyb
D:4:      layout_loops_cross, nemelex_spade_bored_becter,
          gammafunk_temple_overflow_arena, old_standard_altar,
          mainiacjoe_overflow_paths, minmay_tree_intersection
D:5:      wad_lake_hut, layout_basic, chequers_ossuary_entry_cave,
          uniq_blork_the_orc, uniq_menkaure
D:6:      layout_loops_cross, uniq_pikel
D:7:      kennysheep_slugbush, layout_loops_ring, grunt_gozag_breadcrumbs,
          nicolae_vehumet_radiance, minmay_temple_entry_large_hall,
          uniq_prince_ribbit1
D:8:      layout_loops_corners, chequers_garden
D:9:      layout_stronghold
D:10:     layout_irregular_city, david_orc_5, uniq_fannar, uniq_josephine
D:11:     layout_rooms, grunt_lair_entry_orc_guard_hut, special_room
          [special_room_kobold], serial_shops, shop, hex_medium,
          hangedman_decor_push, trog_antimagical, uniq_nergalle
Temple:   nicolae_temple_two_arcs
Lair:1:   layout_gridlike, gammafunk_ghost_cemetery, st_stairs_13,
          nicolae_quartered_pool_little, hibernation_bobbens

Skill      XL: |  1  2  3  4  5  6  7  8  9 10 11 12 |
---------------+-------------------------------------+-----
Spellcasting   | 3 4 |  4.0
Transmutations | 3 4 6 |  6.0
Unarmed Combat | 4 5 6 8 10 11 12 14 | 14.5
Fighting       | 2 5 8 11 12 | 12.0
Ice Magic      | 1 3 5 |  5.0
Dodging        | 2 |  2.5
Stealth        | 1 |  1.5

Action                   |  1- 3 |  4- 6 |  7- 9 | 10-12 || total
-------------------------+-------+-------+-------+-------++-------
Melee: Unarmed           |   120 |   165 |   331 |   489 ||  1105
       Kick              |     4 |    14 |     4 |       ||    22
       Punch             |     2 |     2 |    11 |    13 ||    28
       Tailslap          |    13 |     7 |    25 |    23 ||    68
       Headbutt          |     8 |    15 |     3 |       ||    26
 Cast: Beastly Appendage |     5 |     5 |     3 |       ||    13
       Wereblood         |     5 |     3 |     5 |     6 ||    19
       Spider Form       |     1 |     5 |    18 |     1 ||    25
       Ice Form          |       |       |       |    24 ||    24
Invok: Lunge             |       |       |     6 |    48 ||    54
       Whirlwind         |       |       |       |   128 ||   128
       Serpent's Lash    |       |       |       |     4 ||     4
 Abil: Breathe Fire      |       |       |    24 |    11 ||    35
  Use: Scroll            |     4 |     3 |     5 |    14 ||    26
       Potion            |       |     2 |     2 |     2 ||     6
 Stab: Sleeping          |       |     2 |       |       ||     2
Armor: Skin              |    50 |    45 |    88 |   108 ||   291
Dodge: Dodged            |    71 |   102 |   223 |   177 ||   573
